 Dungeon Crawl Stone Soup version 0.28-a0-265-g048bc9fd10 (webtiles) character file.

Game seed: 4575286071462166017

239 Dittersdorf the Covered (level 6, -2/39 HPs)
             Began as a Gargoyle Fighter on Aug 27, 2021.
             Slain by Blork the orc (7 damage)
             ... on level 4 of the Dungeon.
             The game lasted 00:02:51 (3507 turns).

Dittersdorf the Covered (Gargoyle Fighter)          Turns: 3507, Time: 00:02:51

Health: -2/39      AC: 11    Str: 22    XL:     6   Next: 7%
Magic:  6/6        EV:  7    Int:  8    God:
Gold:   108        SH:  9    Dex:  9    Spells: 5/5 levels left

rFire   . . .      SeeInvis .   a - +0 flail
rCold   . . .      Faith    .   c - +1 kite shield
rNeg    + . .      Spirit   .   b - +0 scale mail
rPois   ∞          Reflect  .   (no helmet)
rElec   +          Harm     .   (no cloak)
rCorr   .          Rampage  .   (no gloves)
Will    .....                   (no boots)
Stlth   ..........              h - amulet of magic regeneration
HPRegen 0.13/turn               (no ring)
MPRegen 0.35/turn               (no ring)

@: no status effects
A: sickness immunity, AC +4, negative energy resistance 1, electricity
resistance, torment resistance 1, petrification resistance
a: no special abilities


You were on level 4 of the Dungeon.
You visited 1 branch of the dungeon, and saw 4 of its levels.

You collected 108 gold pieces.

Inventory:

Hand Weapons
 a - a +0 flail (weapon)
Missiles
 p - 20 poisoned darts (quivered)
Armour
 b - a +0 scale mail (worn)
 c - a +1 kite shield (worn)
Jewellery
 h - an amulet of magic regeneration (around neck)
Scrolls
 e - a scroll of teleportation
 j - a scroll of magic mapping {unknown}
Potions
 d - 3 potions of might
 g - a potion of degeneration {unknown}
 i - 3 potions of ambrosia
 k - a potion of heal wounds {unknown}
 m - 2 potions of curing
 n - a potion of mutation {unknown}


   Skills:
 + Level 4.5 Fighting
 + Level 3.4 Maces & Flails
 + Level 4.6 Armour
 + Level 4.6 Shields


You had 5 spell levels left.
You didn't know any spells.
Your spell library was empty.

Dungeon Overview and Level Annotations

Branches:
Dungeon (4/15)
 Temple: D:4-7

Altars:
Gozag

Shops:
D:1 =

Annotations:
D:4 Blork the orc


Innate Abilities, Weirdness & Mutations

You are immune to sickness and miasma.
Your stone body is resilient. (AC +4)
You are immune to poison.
You resist negative energy. (rN+)
You are resistant to electric shocks. (rElec)
You are resistant to unholy torment.
You are immune to petrification.


Message History

m - 2 potions of curing
As you read the scroll labelled DAFYUG IMNE, it crumbles to dust.
It is a scroll of enchant armour.
Your +0 kite shield glows green for a moment.
Your surroundings suddenly seem different.
As you read the scroll labelled BOLIUH FOTINAF, it crumbles to dust.
A profound silence engulfs you.
It was a scroll of silence.
Magic scrolls do not work when you're silenced!
A hobgoblin comes into view.
Your hearing returns.
Blork the orc comes into view.
He is wielding a +0 halberd.
Found a stone staircase leading down.
Blork the orc shouts!
Blork the orc casts a cantrip, but nothing happens.
A quokka comes into view.
Blork the orc casts a spell.
Blork the orc seems to speed up.
You block the hobgoblin's attack.
You thump the hobgoblin!
You kill the hobgoblin!
Blork the orc hits you but does no damage.
Blork the orc hits you from afar with a +0 halberd!
You block Blork the orc's attack.
Things that are here:
a scroll labelled CODIDA EGIUNGI; 9 gold pieces; a hobgoblin corpse Sorry, you're not good enough to have a special ability.
You hit Blork the orc.
Blork the orc is lightly wounded.
You block Blork the orc's attack.
Blork the orc points at you and mumbles some strange words.
The magic dart hits you!
* * * LOW HITPOINT WARNING * * *
You barely miss Blork the orc.
Blork the orc is lightly wounded.
You block Blork the orc's attack.
Blork the orc points at you and mumbles some strange words.
The puff of flame hits you.
* * * LOW HITPOINT WARNING * * *
Blork the orc hits you with a +0 halberd!
You die...

... #.# ... #o#
#.# #.#
#.###.####
#.....ro.#
#..##.##@# ..>.
#..#.# ####.
##.#.#
#.###.#.###
####.........#
.........###.###
######.####.#.
#.##.. . #.
#.##.#.## #.


You could see Blork the orc (fast) and a quokka.

Vanquished Creatures
  A phantom (D:4)
  A bullfrog (D:3)
  4 adders (D:2)
  3 worms (D:2)
  A dart slug (D:1)
  7 ball pythons
  3 bats (D:1)
  6 endoplasms (D:1)
  3 giant cockroaches
  4 goblins
  8 hobgoblins
  6 quokkas
  2 frilled lizards
  5 kobolds
  6 rats
60 creatures vanquished.

Notes
Turn   | Place    | Note
-------+----------+-------------------------------------------
     0 | D:1      | Dittersdorf the Gargoyle Fighter began the quest for the
                  | Orb.
     0 | D:1      | Reached XP level 1. HP: 14/14 MP: 1/1
   229 | D:1      | Found Adyfioge's Jewellery Shop.
   409 | D:1      | Reached XP level 2. HP: 19/19 MP: 2/2
   879 | D:1      | Reached XP level 3. HP: 18/23 MP: 3/3
  1362 | D:2      | Reached XP level 4. HP: 29/29 MP: 4/4
  3004 | D:3      | Noticed a bullfrog
  3014 | D:3      | Killed a bullfrog
  3015 | D:3      | Reached XP level 5. HP: 22/33 MP: 5/5
  3174 | D:3      | Found an opulent altar of Gozag.
  3441 | D:4      | Noticed a phantom
  3454 | D:4      | Killed a phantom
  3455 | D:4      | Reached XP level 6. HP: 27/39 MP: 6/6
  3496 | D:4      | Noticed Blork the orc
  3507 | D:4      | Slain by Blork the orc

Illustrated notes

Levels and vault maps discovered:
D:1:      dpeg_arrival_houses_and_road, layout_basic, serial_shops, shop_statue
D:2:      kennysheep_big_flooded_room, layout_basic
D:3:      layout_loops_ring, mainiacjoe_overflow_alcove_1,
          chequers_serial_rivers_room_a
D:4:      layout_loops_cross, cheibrodos_worm_habitat,
          cheibrodos_sewer_entry_drain, uniq_robin, uniq_blork_the_orc,
          uniq_edmund, uniq_eustachio

Skill      XL: |  1  2  3  4 |
---------------+-------------+-----
Armour         | 4 |  4.6
Shields        | 4 |  4.6
Fighting       | 4 |  4.5
Maces & Flails | 3 |  3.4

Action                   |  1- 3 |  4- 6 || total
-------------------------+-------+-------++-------
Melee: Flail             |   116 |   161 ||   277
  Use: Scroll            |       |     6 ||     6
Armor: Scale mail        |    78 |    96 ||   174
Dodge: Dodged            |    45 |    63 ||   108
Block: Kite shield       |    62 |    81 ||   143

Table legend: (Time is in decaauts)
 A = Elapsed time spent in this place.
 B = Non-inter-level travel time spent in this place.
 C = Inter-level travel time spent in this place.
 D = Time resting spent in this place.
 E = Time spent auto-exploring this place.
 F = Levels seen in this place.
 G = Mean time per level.
                   A        B        C        D        E       F      G
               +--------+--------+--------+--------+--------+-----+--------+
         Total |   3645 |   3553 |     92 |    481 |   2381 |   4 |  911.2 |
       Dungeon |   3645 |   3553 |     92 |    481 |   2381 |   4 |  911.2 |
               +--------+--------+--------+--------+--------+-----+--------+

Top non-repeatable levels by time:
     D:2: 1530 daAuts
     D:1: 1207 daAuts
     D:3: 832 daAuts
     D:4: 75 daAuts
